 Dungeon Sprint DCSS version 0.30.1-6-gbe392663c4 (webtiles) character file.

Game seed: 2156484548109863003

1523 Heoruswealwe the Impaler (level 8, -8/83 HPs)
             Began as a Minotaur Fighter on Sept 20, 2023.
             Was a Priest of the Shining One.
             Mangled by a manticore (9 damage)
             ... in the Dungeon (Sprint IX: "|||||||||||||||||||||||||||||").
             The game lasted 00:05:10 (439 turns).

Heoruswealwe the Impaler (Minotaur Fighter)          Turns: 439, Time: 00:05:11

Health: -8/83      AC: 13    Str: 22    XL:     8   Next: 54%
Magic:  7/7        EV: 10    Int:  8    God:    the Shining One [***...]
Gold:   0          SH:  0    Dex: 11    Spells: 7/7 levels left

rFire   . . .        b - +2 halberd (venom)
rCold   . . .        (shield currently unavailable)
rNeg    + . .        c - +1 scale mail
rPois   .            (helmet restricted)
rElec   .            (no cloak)
rCorr   .            (no gloves)
SInv    .            e - +0 pair of boots
Will    .....        (no amulet) Stlth
                     k - +2 ring of protection
HPRegen 0.33/turn    j - +3 ring of intelligence
MPRegen 0.10/turn

%: no teleportation
@: glowing
A: horns 2, retaliatory headbutt
a: Renounce Religion, Divine Shield, Cleansing Flame


You were in the Dungeon.
You worshipped the Shining One.
The Shining One was most pleased with you.
You visited 1 branch

Inventory:

Hand Weapons
 a - a +0 trident
 b - a +2 halberd of venom (weapon)
Armour
 c - a +1 scale mail (worn)
 d - a +0 buckler
 e - a +0 pair of boots (worn)
Jewellery
 j - a +3 ring of intelligence (right hand)
 k - a +2 ring of protection (left hand)
Wands
 h - a wand of light (10)
Scrolls
 n - 2 scrolls of blinking
Potions
 g - a potion of haste
 i - a potion of berserk rage
 l - 2 potions of curing
 m - a potion of might


   Skills:
 + Level 12.0 Fighting
 * Level 16.0 Polearms
 + Level 12.0 Armour
 - Level 3.6 Shields


You had 7 spell levels left.
You didn't know any spells.
Your spell library was empty.

Dungeon Overview and Level Annotations

Branches:
Dungeon (1/1)

Altars:
Cheibriados
Dithmenos
Elyvilon
Fedhas
Gozag
Hepliaklqana
Kikubaaqudgha
Makhleb
Nemelex Xobeh
Okawaru
Qazlal
Ru
Sif Muna
Trog
Uskayaw
Vehumet
Wu Jian
Xom
Yredelemnul
Zin
The Shining One
Jiyva
Lugonu


Innate Abilities, Weirdness & Mutations

You have a pair of horns on your head.
You reflexively headbutt those who attack you in melee.


Message History

The manticore is lightly wounded.
You puncture the manticore!
The manticore looks as sick as possible!
The manticore is heavily wounded.
The manticore bites you! The manticore claws you!
* * * LOW HITPOINT WARNING * * *
The manticore barely misses you.
You feel much better. The manticore bites you!
The manticore completely misses you. The manticore claws you!
* * * LOW HITPOINT WARNING * * *
You hit the manticore.
The manticore looks as sick as possible!
The manticore is severely wounded.
The manticore bites you but does no damage.
The manticore claws you.
* * * LOW HITPOINT WARNING * * *
The manticore closely misses you.
You hit the manticore but do no damage.
The manticore looks as sick as possible!
The manticore is severely wounded.
The manticore bites you but does no damage.
The manticore barely misses you. The manticore claws you.
* * * LOW HITPOINT WARNING * * *
You feel better. The manticore misses you.
The manticore claws you but does no damage.
The manticore closely misses you.
You hit the manticore.
The manticore looks as sick as possible!
The manticore is almost dead.
You feel better.
You carefully extract the barbed spikes from your body.
The manticore bites you!!
* * * LOW HITPOINT WARNING * * *
The manticore claws you but does no damage.
The manticore claws you!
* * * LOW HITPOINT WARNING * * *
You feel better. The manticore bites you!
* * * LOW HITPOINT WARNING * * *
The manticore claws you!
You die...

▓.▓
▓.▓
▓'▓
▓)▓
▓)▓
▓.▓
▓.▓
▓.▓
▓@▓
▓H▓
▓C▓
▓c▓
▓Q▓
▓.▓
▓.▓
▓.▓


You could see a tengu warrior, a centaur warrior, a manticore (extremely
poisoned) and a cyclops.

Vanquished Creatures
  A two-headed ogre (D)
  An unseen horror (D)
  A hornet (D)
  A vampire mosquito (D)
  2 centaurs (D)
  A phantom (D)
  2 killer bees (D)
  A hound (D)
  A shadow imp (D)
  An ufetubus (D)
  A dart slug (D)
  An orc (D)
  A goblin (D)
  2 ball pythons (D)
  A bat (D)
18 creatures vanquished.

Notes
Turn   | Place    | Note
-------+----------+-------------------------------------------
     0 | D        | Heoruswealwe the Minotaur Fighter began the quest for the
                  | Orb.
     0 | D        | Reached XP level 1. HP: 19/19 MP: 0/0
    10 | D        | Reached skill level 3 in Polearms
    14 | D        | Reached skill level 4 in Polearms
    42 | D        | Noticed a phantom
    42 | D        | Noticed a hound
    49 | D        | Reached XP level 2. HP: 19/28 MP: 1/1
    57 | D        | Killed a phantom
    58 | D        | Reached skill level 7 in Polearms
    58 | D        | Reached XP level 3. HP: 26/37 MP: 2/2
    58 | D        | Reached XP level 4. HP: 31/44 MP: 3/3
    69 | D        | Reached skill level 8 in Polearms
   134 | D        | Found a snail-covered altar of Cheibriados.
   134 | D        | Found a shadowy altar of Dithmenos.
   134 | D        | Found a white marble altar of Elyvilon.
   134 | D        | Found a blossoming altar of Fedhas.
   134 | D        | Found an opulent altar of Gozag.
   135 | D        | Found a hazy altar of Hepliaklqana.
   136 | D        | Found a viscous altar of Jiyva.
   137 | D        | Found an ancient bone altar of Kikubaaqudgha.
   138 | D        | Found a corrupted altar of Lugonu.
   139 | D        | Found a burning altar of Makhleb.
   140 | D        | Found a sparkling altar of Nemelex Xobeh.
   141 | D        | Found an iron altar of Okawaru.
   142 | D        | Found a stormy altar of Qazlal.
   143 | D        | Found a sacrificial altar of Ru.
   144 | D        | Found a shimmering blue altar of Sif Muna.
   145 | D        | Found a bloodstained altar of Trog.
   146 | D        | Found a hide-covered altar of Uskayaw.
   147 | D        | Found a radiant altar of Vehumet.
   148 | D        | Found an ornate altar of the Wu Jian Council.
   149 | D        | Found a shimmering altar of Xom.
   150 | D        | Found a basalt altar of Yredelemnul.
   151 | D        | Found a glowing silver altar of Zin.
   152 | D        | Found a glowing golden altar of the Shining One.
   160 | D        | Became a worshipper of the Shining One
   210 | D        | Noticed a centaur
   210 | D        | Noticed a centaur
   210 | D        | Noticed a hornet
   210 | D        | Reached * piety under the Shining One
   213 | D        | Killed a centaur
   213 | D        | Noticed an unseen horror
   214 | D        | Reached skill level 10 in Polearms
   214 | D        | Reached XP level 5. HP: 40/53 MP: 4/4
   216 | D        | Killed an unseen horror
   217 | D        | Reached skill level 12 in Polearms
   217 | D        | Reached XP level 6. HP: 31/64 MP: 5/5
   221 | D        | Reached skill level 10 in Fighting
   221 | D        | Reached skill level 13 in Polearms
   221 | D        | Reached skill level 10 in Armour
   221 | D        | Reached XP level 7. HP: 29/72 MP: 6/6
   225 | D        | Killed a hornet
   226 | D        | Reached skill level 14 in Polearms
   421 | D        | Noticed a vampire mosquito
   421 | D        | Noticed a two-headed ogre
   421 | D        | Reached ** piety under the Shining One
   421 | D        | Noticed a manticore
   421 | D        | Noticed a cyclops
   421 | D        | Noticed a centaur warrior
   421 | D        | Noticed a tengu warrior
   424 | D        | Killed a vampire mosquito
   424 | D        | Reached *** piety under the Shining One
   427 | D        | Killed a two-headed ogre
   428 | D        | Reached skill level 16 in Polearms
   428 | D        | Reached XP level 8. HP: 60/83 MP: 7/7
   438 | D        | HP: 3/83 [manticore (7)]
   439 | D        | HP: 1/83 [manticore (10)]
   439 | D        | Mangled by a manticore

Illustrated notes

Levels and vault maps discovered:
D:        linesprint [early_d, line_temple, items_1, d_10, items_2, lair_1,
          lair_end, items_3, orc_1, orc_end, items_4, d_15, swamp_1, shoals_1,
          snake_1, spider_1, d_20, vaults_1, items_5, swamp_end, shoals_end,
          snake_end, spider_end, vaults_end, d_27, items_6, zot_1, zot_end,
          crypt_end, forest_end, elf_end, slime_end, tomb_end, abyss_end,
          pan_hell_end]

Skill      XL: |  1  2  3  4  5  6  7 |
---------------+----------------------+-----
Polearms       | 4 7 10 12 13 16 | 16.0
Fighting       | 4 6 7 9 10 12 | 12.0
Armour         | 4 6 7 9 10 12 | 12.0
Shields        | |  3.6

Action                     |  1- 3 |  4- 6 |  7- 9 || total
---------------------------+-------+-------+-------++-------
  Melee: Trident           |    24 |    11 |       ||    35
         Headbutt          |     3 |     3 |     4 ||    10
         Halberd           |       |     8 |    18 ||    26
    Use: Potion            |       |       |     6 ||     6
 Armour: Scale mail        |    11 |    12 |     8 ||    31
  Dodge: Dodged            |     9 |     8 |    13 ||    30
  Block: Buckler           |     6 |     1 |       ||     7
